[Event "*** Titled Tuesday 3|2 Blitz"]
[Site "Chess.com"]
[Date "2016.09.06"]
[Round "2"]
[White "FairChess_on_YouTube"]
[Black "ChessWarrior7197"]
[Result "1-0"]
[WhiteElo "2706"]
[BlackElo "2476"]
[TimeControl "180+2"]
[EndTime "11:20:57 PDT"]
[Termination "FairChess_on_YouTube won by resignation"]

1. e4 c5 2. Nf3 d6 3. d4 cxd4 4.
Qxd4 Nc6 5. Bb5 Bd7 6. Qd3 h6 7. O-O Nf6 8. c4 a6 9. Bxc6 Bxc6 10. Nc3 e6 11. Bf4 Be7 12. Rad1 e5 13. Be3 O-O 14.
Nd2 Rc8 15. b3 Qc7 16. Rfe1 Qb8 17. a4 Rfd8 18. Bb6 Re8 19. Nf1 Nd7 20. Be3 Bf8 21. Ng3 Re6 22. Nf5 Kh7 23. f3 g6 24. Ng3 Be7 25. Qd2 h5 26. Nf1 Bd8 27. Rb1 Bb6 28.
Kh1 Bxe3 29. Nxe3 a5 30. Red1 Nc5 31. Ned5 b6 32. Qg5 Kg7 33. Ne7 Rc7 34. Nf5+ Kg8 35. Nd5 Bxd5 36. cxd5 Re8 37. Nxd6 Rd8 38. Nf5 Nb7 39.
Ne7+ Kh7 40. Nc6 1-0

[Event "*** Titled Tuesday 3|2 Blitz"]
[Site "Chess.com"]
[Date "2016.09.06"]
[Round "2"]
[White "GianmarcoVaR"]
[Black "Haykos"]
[Result "1-0"]
[WhiteElo "2404"]
[BlackElo "2213"]
[TimeControl "180+2"]
[EndTime "11:21:02 PDT"]
[Termination "GianmarcoVaR won by resignation"]

1. Nf3 Nf6 2. c4 Nc6 3. g3 e5 4. Bg2 a5 5. O-O Bb4 6. a3 Be7 7. Nc3 O-O 8. b3 Re8 9. Bb2 Bf8 10. d3 d6 11. h3 g6 12. e3 Bg7 13. d4 exd4 14. exd4 d5 15. c5 Ne4 16. Rc1 Bf5 17.
Re1 Nxc3 18. Bxc3 Rxe1+ 19. Nxe1 Qd7 20. g4 Be6 21. Nc2 Re8 22. Ne3 h5 23. gxh5 Bxh3 24. hxg6 fxg6 25. Bxd5+ Kh7 26. Qf3 Nxd4 27. Bxd4 Bxd4 28.
c6 1-0

[Event "*** Titled Tuesday 3|2 Blitz"]
[Site "Chess.com"]
[Date "2016.09.06"]
[Round "2"]
[White "semiks"]
[Black "igorkovalenko"]
[Result "1/2-1/2"]
[WhiteElo "2505"]
[BlackElo "2597"]
[TimeControl "180+2"]
[EndTime "11:21:10 PDT"]
[Termination "Game drawn by agreement"]

1. d4 e6 2. c4 d5 3. Nc3 c6 4. g3 dxc4 5. Bg2 Nf6 6. Nf3 Nbd7 7.
O-O Bb4 8. Bg5 h6 9. Bxf6 Nxf6 10. Ne5 Nd5 11. Qc2 Nb6 12. Rad1 O-O 13. Ne4 a5 14. a3 Be7 15. e3 a4 16. Nxc4 Nxc4 17.
Qxc4 Qa5 18. f4 Ra6 19. Nc5 Ra7 20. Qc2 b6 21. Nd3 Ba6 22. Rc1 Bxd3 23. Qxd3 c5 24. f5 exf5 25. Rxf5 g6 26. Rd5 Qa6 27. Qxa6 Rxa6 28. Rd7 Bg5 29. Rc3 cxd4 30. exd4 Ra5 31.
h4 Bf6 32. Rc6 Kg7 33. Rxb6 Rd8 34. Rxd8 Bxd8 35. Rb7 Bf6 36. d5 Be5 37. Kf2 Rc5 38. Be4 Rc4 39. Kf3 h5 40. d6 Bxd6 41. Rxf7+ Kxf7 42. Bd5+ Kg7 43. Bxc4 Be5 44. b3 axb3 45.
Bxb3 Bc7 46. a4 Kh6 47. Be6 g5 48. Kg2 gxh4 49. gxh4 Bd8 50. Kg3 Ba5 1/2-1/2

[Event "*** Titled Tuesday 3|2 Blitz"]
[Site "Chess.com"]
[Date "2016.09.06"]
[Round "2"]
[White "Haridaskesavan"]
[Black "AlexanderL"]
[Result "0-1"]
[WhiteElo "2199"]
[BlackElo "2533"]
[TimeControl "180+2"]
[EndTime "11:21:24 PDT"]
[Termination "AlexanderL won by resignation"]

1. a3 e5 2. g3 d5 3. Bg2 Nf6 4.
e3 c5 5. Ne2 Nc6 6. d4 cxd4 7.
exd4 e4 8. O-O Be7 9. c4 dxc4 10. Nbc3 O-O 11. Nxe4 Bf5 12. Nxf6+ Bxf6 13. Be3 Bd3 14.
Re1 Re8 15. Rc1 Nxd4 16. Nxd4 Bxd4 17. Bxd4 Qxd4 18. Bxb7 Rxe1+ 19. Qxe1 Rb8 20. Bf3 g6 21. Qc3 Qxc3 22. bxc3 Rb3 23. a4 Ra3 24. Bc6 Kf8 25. f4 Ke7 26. Kf2 Kd6 27. Bb5 Ra2+ 28. Ke3 Re2+ 29. Kf3 Rxh2 30. Re1 Rc2 31. Ke3 Kc5 32. f5 Bxf5 33. Kf4 Rxc3 34. Re7 Be6 35. Rxa7 Ra3 36. Ke5 Rxg3 37. Rc7+ Kb4 38. Be8 Ra3 39. Rb7+ Kc3 40. Ra7 Kd2 41. a5 c3 42. Bxf7 Bxf7 43. Rxf7 Rxa5+ 0-1

[Event "*** Titled Tuesday 3|2 Blitz"]
[Site "Chess.com"]
[Date "2016.09.06"]
[Round "2"]
[White "CroatianPower"]
[Black "maciek_92"]
[Result "0-1"]
[WhiteElo "2439"]
[BlackElo "2525"]
[TimeControl "180+2"]
[EndTime "11:21:27 PDT"]
[Termination "maciek_92 won on time"]

1. d4 Nf6 2. c4 e6 3. Nc3 Bb4 4. f3 d5 5. a3 Bxc3+ 6. bxc3 O-O 7. cxd5 exd5 8. e3 Bf5 9. Ne2 c5 10. g4 Be6 11. Bg2 Nc6 12. O-O Re8 13. Ng3 h6 14. h3 Rc8 15. Bb2 Na5 16. e4 cxd4 17. cxd4 Qb6 18. Rb1 dxe4 19. fxe4 Ba2 20. e5 Rxe5 21.
Ra1 Bb3 22. Qf3 Re7 23. Nf5 Re6 24. Kh1 Rc2 25. Rf2 Bd5 26. Qg3 Qxb2 27. Qb8+ Re8 28.
Ne7+ Kh7 0-1

[Event "*** Titled Tuesday 3|2 Blitz"]
[Site "Chess.com"]
[Date "2016.09.06"]
[Round "2"]
[White "Tesla37"]
[Black "VMikhalevski"]
[Result "1-0"]
[WhiteElo "2592"]
[BlackElo "2430"]
[TimeControl "180+2"]
[EndTime "11:21:28 PDT"]
[Termination "Tesla37 won by resignation"]

1. e4 e5 2. Nf3 Nc6 3. Bb5 a6 4. Ba4 Nf6 5. O-O Nxe4 6. d4 b5 7. Bb3 d5 8. dxe5 Be6 9. a4 b4 10. a5 Nc5 11. Be3 Nxb3 12. cxb3 Rc8 13. Nbd2 Be7 14.
Qc2 Nb8 15. Bc5 O-O 16. Rfc1 c6 17. Nd4 Bxc5 18. Qxc5 Nd7 19. Qd6 Re8 20. Nxc6 Rxc6 21. Rxc6 Bg4 22. h3 Be2 23. Qxd5 Nxe5 24. Qxd8 Rxd8 25.
Rc2 f6 26. Re1 Bd3 27. Rc7 h5 28. Nf3 Nxf3+ 29. gxf3 Rd5 30. f4 Kh7 31. Ree7 Kg6 32.
Red7 Rxd7 33. Rxd7 Be2 34. Rd4 h4 35. Rxb4 Kf5 36.
Rd4 Ke6 37. b4 Kf5 38. Kg2 g6 39. f3 g5 40. fxg5 fxg5 41. Kf2 Bb5 42. Rd5+ Kf4 43. Rxb5 1-0

[Event "*** Titled Tuesday 3|2 Blitz"]
[Site "Chess.com"]
[Date "2016.09.06"]
[Round "2"]
[White "Jahonas"]
[Black "Journey_to_GrandMaster_YT"]
[Result "1-0"]
[WhiteElo "2195"]
[BlackElo "2348"]
[TimeControl "180+2"]
[EndTime "11:21:46 PDT"]
[Termination "Jahonas won by resignation"]

1. d4 Nf6 2. Nf3 e6 3. c3 c5 4. Bf4 Nc6 5. e3 d5 6. Nbd2 Be7 7. Bd3 O-O 8. O-O Nh5 9. Bg3 cxd4 10. exd4 Nxg3 11.
hxg3 Bf6 12. Re1 Re8 13. Bb5 Qd6 14. Qe2 a6 15. Bxc6 bxc6 16. g4 g6 17. g5 Bg7 18. b4 a5 19. a3 Ba6 20. Qe3 axb4 21.
axb4 Bb5 22. Nb3 Rxa1 23. Nxa1 Bc4 24. Nc2 Ra8 25. Ra1 Qb8 26. Qc1 Bd3 27. Rxa8 Qxa8 28. Ne3 Qa2 29. Ng4 Kf8 30. Nfe5 Bf5 31. Nf6 Bxf6 32.
gxf6 Qb1 33. Qxb1 Bxb1 34. Nxc6 Bd3 35. Ne5 Bb5 36. f4 h5 37. Kf2 Ke8 38. Kg3 Kf8 39.
Kh4 Kg8 40. g4 hxg4 41. Kxg4 Kf8 42. Kg5 Kg8 43. Kh6 Kf8 44. Kh7 Be2 45. Kh8 Bb5 46. Nf3 Be2 47. Ng5 Bd3 48. Nh7+ Ke8 49. Kg7 Bb5 50. Ng5 Bd3 51. Nxf7 1-0

[Event "*** Titled Tuesday 3|2 Blitz"]
[Site "Chess.com"]
[Date "2016.09.06"]
[Round "2"]
[White "dretch"]
[Black "macko06"]
[Result "1-0"]
[WhiteElo "2618"]
[BlackElo "2179"]
[TimeControl "180+2"]
[EndTime "11:21:48 PDT"]
[Termination "dretch won by resignation"]

1. d4 Nf6 2. c4 e6 3. Nc3 Bb4 4. Qc2 O-O 5. a3 Bxc3+ 6. Qxc3 b6 7. Bg5 Bb7 8. e3 h6 9. Bh4 d6 10. Ne2 Nbd7 11. Qc2 c5 12. Rd1 Qc7 13. Nc3 a6 14. Be2 Rac8 15. d5 exd5 16. Nxd5 Nxd5 17. cxd5 b5 18.
O-O c4 19. Rd4 Ne5 20. f4 Ng6 21. Bg3 f5 22. Kh1 Ne7 23. Bf3 Qc5 24. Rfd1 a5 25. e4 fxe4 26. Bxe4 b4 27. Bh4 Rc7 28. Bxe7 Rxe7 29.
Rxc4 Qe3 30. axb4 axb4 31. Rxb4 Rxf4 32. Bh7+ Kh8 33. Rxf4 Qxf4 34. h3 Qe5 35. Bg6 Bxd5 36. Qc8+ Bg8 37. Rc1 Qxb2 38. Qxg8+ Kxg8 39. Rc8+ 1-0

[Event "*** Titled Tuesday 3|2 Blitz"]
[Site "Chess.com"]
[Date "2016.09.06"]
[Round "2"]
[White "DanielNaroditsky"]
[Black "Mischuk_D"]
[Result "1-0"]
[WhiteElo "2762"]
[BlackElo "2486"]
[TimeControl "180+2"]
[EndTime "11:21:55 PDT"]
[Termination "DanielNaroditsky won by checkmate"]

1. d4 Nf6 2. Bf4 d5 3. e3 e6 4. Nf3 Bd6 5. Bg3 O-O 6. Nbd2 b6 7.
Bd3 Ba6 8. O-O Bxd3 9. cxd3 c5 10. Rc1 Bxg3 11. hxg3 Nbd7 12. Qa4 Qb8 13. Qa3 Qb7 14.
Nb3 Rfc8 15. dxc5 bxc5 16. Nxc5 Nxc5 17. Rxc5 Rxc5 18. Qxc5 Qxb2 19. a4 a5 20. Nd4 h5 21.
Nc6 Qb3 22. Qb5 Qc3 23. Qb7 Re8 24. Qa6 Qa3 25. Qxa5 Qxd3 26. Qb5 Qa3 27. a5 Ne4 28. a6 Rc8 29. a7 Nd6 30. Qb8 Kh7 31. Nb4 Rc1 32.
Rxc1 Qxc1+ 33. Kh2 Ne4 34. Nd3 Qd1 35. a8=Q Qxd3 36. Qh8+ Kg6 37. Qag8 Qc3 38. Qhh7+ Kf6 39. Qgxg7+ Ke7 40. Qxf7+ Kd6 41. Qe7+ Kc6 42. Qxe6+ Nd6 43. Qhd7+ Kb6 44. Qexd6+ Qc6 45. Q7xc6+ Ka7 46. Qdc7# 1-0

[Event "*** Titled Tuesday 3|2 Blitz"]
[Site "Chess.com"]
[Date "2016.09.06"]
[Round "2"]
[White "roldieyi"]
[Black "Anton_Demchenko"]
[Result "0-1"]
[WhiteElo "2215"]
[BlackElo "2610"]
[TimeControl "180+2"]
[EndTime "11:21:59 PDT"]
[Termination "Anton_Demchenko won by resignation"]

1. d4 Nf6 2. Nf3 g6 3. c4 Bg7 4. Nc3 O-O 5. e4 d6 6. Be2 Na6 7. O-O e5 8. d5 Nc5 9. Bg5 a5 10. a3 a4 11. Nd2 h6 12. Bxf6 Bxf6 13. b4 axb3 14. Nxb3 Nxb3 15. Qxb3 Bg5 16. a4 b6 17. Ra2 Ra5 18. Nb5 Bd7 19. Qc3 Bf6 20. Bd3 h5 21.
Qc2 Bg7 22. Ra3 h4 23. h3 Bh6 24. Qe2 Bf4 25. Bc2 Kg7 26. Rf3 Rh8 27. Nd4 Qg5 28. Nc6 Raa8 29. Ra1 Rhf8 30. Raa3 Bd2 31. Rad3 Bxc6 32. dxc6 Bb4 33. Rd1 Bc5 34. Kh1 f5 35.
exf5 gxf5 36. Rd5 Rf6 37. g3 Rh8 38. gxh4 Qxh4 39. Rg3+ Kf7 40. Qf3 e4 41. Qe2 Qf4 42. Rd2 Rg6 43. Rxg6 Rxh3+ 44. Kg2 Qh2+ 45. Kf1 Kxg6 46.
Qe1 Qh1+ 47. Ke2 Qf3+ 0-1

[Event "*** Titled Tuesday 3|2 Blitz"]
[Site "Chess.com"]
[Date "2016.09.06"]
[Round "2"]
[White "PowerThinking2650"]
[Black "putinwarrior"]
[Result "0-1"]
[WhiteElo "2155"]
[BlackElo "2341"]
[TimeControl "180+2"]
[EndTime "11:21:59 PDT"]
[Termination "putinwarrior won by resignation"]

1. e4 Nf6 2. Nc3 d5 3. e5 Nfd7 4. d4 c5 5. f4 Nc6 6. Nf3 cxd4 7.
Nb5 e6 8. Nbxd4 Bc5 9. c3 O-O 10. Be3 Qe7 11. Bd3 f6 12. exf6 Nxf6 13. O-O Bd7 14. Ne5 Be8 15. Qe2 Bh5 16. Nexc6 Qd6 17. Qc2 bxc6 18. h3 Bb6 19. g4 Be8 20. Rae1 c5 21. Nf3 c4 22. Bxh7+ Nxh7 23. Ne5 Rxf4 24. Rxf4 Qxe5 25. Qf2 Qd6 26. Bxb6 axb6 27. a3 Bg6 28. h4 Be4 29. g5 Rf8 30. Rxf8+ Qxf8 31. Qxf8+ Nxf8 32. Kf2 Ng6 33. Ke3 Nxh4 34. Kf4 Ng2+ 0-1

[Event "*** Titled Tuesday 3|2 Blitz"]
[Site "Chess.com"]
[Date "2016.09.06"]
[Round "2"]
[White "lionheart95"]
[Black "Keranke"]
[Result "1-0"]
[WhiteElo "2452"]
[BlackElo "2545"]
[TimeControl "180+2"]
[EndTime "11:22:02 PDT"]
[Termination "lionheart95 won by resignation"]

1. e4 g6 2. d4 Bg7 3. Be3 d6 4. f3 c5 5. Ne2 Nc6 6. Qd2 Qb6 7. c3 Nf6 8. Na3 O-O 9. O-O-O cxd4 10. Nxd4 Qc7 11.
h4 h5 12. g4 hxg4 13. h5 Ne5 14. h6 Bh8 15. h7+ Kg7 16. Bh6+ Kxh7 17. Bxf8+ Nh5 18. f4 Nc6 19. Nxc6 bxc6 20. f5 Kg8 21. Bh6 Ng3 22.
Rg1 Nxe4 23. Qf4 Bxf5 24. Bd3 Be5 25. Qe3 d5 26. Bxe4 Bxe4 27. Rxg4 Bf5 28. Rgg1 Rb8 29. Rdf1 Be4 30. Qf2 f6 31. Bf4 Rb6 32. Bxe5 Qxe5 33. Qf4 Qh5 34. Rf2 Kf7 35. Rh2 e5 36. Rxh5 exf4 37.
Rh7+ Ke6 38. Rxa7 g5 39. Nc2 c5 40. a4 f3 41. a5 Rb8 42. Ne3 d4 43. Ra6+ Ke5 44.
Ng4+ Kf4 45. Rxf6+ Bf5 46. Nh6 1-0

[Event "*** Titled Tuesday 3|2 Blitz"]
[Site "Chess.com"]
[Date "2016.09.06"]
[Round "2"]
[White "Mornar1951"]
[Black "Gabrielian_Artur"]
[Result "0-1"]
[WhiteElo "2548"]
[BlackElo "2524"]
[TimeControl "180+2"]
[EndTime "11:22:04 PDT"]
[Termination "Gabrielian_Artur won by checkmate"]

1. d4 Nf6 2. c4 c5 3. d5 e6 4. Nc3 exd5 5. cxd5 d6 6. e4 g6 7. Nf3 Bg7 8. Be2 O-O 9. O-O Re8 10. Nd2 Nbd7 11.
Qc2 Ne5 12. Re1 a6 13. a4 Rb8 14. h3 g5 15. Nf3 Nxf3+ 16. Bxf3 g4 17. hxg4 Bxg4 18. Qe2 Qd7 19. Bg5 h5 20. a5 Nh7 21.
Bf4 f5 22. Bxg4 fxg4 23. Rad1 Be5 24. Qd2 Qg7 25. Bxe5 Rxe5 26. Re3 Rf8 27. Na4 Ng5 28. Qe2 Rf4 29. Nb6 Rfxe4 30. Nc4 Nf3+ 31. Kh1 Nd4 32. Rxe4 Nxe2 33. Nxe5 Nd4 34. Nc4 Qf6 35. Rde1 Qxf2 36.
Re8+ Kh7 37. R1e7+ Kh6 38. Rh8+ Kg5 39. Nxd6 Qf1+ 40.
Kh2 g3+ 41. Kxg3 Qf4+ 42. Kh3 Qh4# 0-1

[Event "*** Titled Tuesday 3|2 Blitz"]
[Site "Chess.com"]
[Date "2016.09.06"]
[Round "2"]
[White "Lapitch"]
[Black "yurisolo"]
[Result "1-0"]
[WhiteElo "2556"]
[BlackElo "2503"]
[TimeControl "180+2"]
[EndTime "11:22:04 PDT"]
[Termination "Lapitch won on time"]

1. Nf3 c5 2. b3 Nc6 3. Bb2 d5 4. e3 e6 5. g3 Nf6 6. Bg2 Be7 7. O-O O-O 8. c4 d4 9. exd4 cxd4 10. Re1 Bc5 11. Ba3 Bxa3 12. Nxa3 Re8 13. d3 e5 14. b4 Nxb4 15. Qb3 Nc6 16. Ng5 h6 17. Ne4 Nxe4 18.
Bxe4 Qe7 19. Rab1 g6 20. Nc2 Kg7 21. Qa4 Qc7 22. Nb4 Nxb4 23. Qxe8 Nxa2 24. Rb5 Nc3 25.
Rxe5 Be6 26. Qxa8 Qxe5 27. Qxa7 f5 28. f4 Qf6 29. Qxb7+ Bf7 30. Bd5 Nxd5 31. cxd5 g5 32. Re6 Qd8 33. Re7 Qa5 34. Rxf7+ Kg6 35. Re7 Kh5 36. Qb1 Qd2 37. Qf1 g4 38. d6 Qb4 39.
Re5 1-0

[Event "*** Titled Tuesday 3|2 Blitz"]
[Site "Chess.com"]
[Date "2016.09.06"]
[Round "2"]
[White "Polemistis"]
[Black "DaPazz"]
[Result "1-0"]
[WhiteElo "1838"]
[BlackElo "1895"]
[TimeControl "180+2"]
[EndTime "11:22:06 PDT"]
[Termination "Polemistis won on time"]

1. d4 Nf6 2. c4 e6 3. Nf3 b6 4. g3 Bb7 5. Bg2 Bb4+ 6. Bd2 Qe7 7.
Nc3 Bxc3 8. Bxc3 Ne4 9. Rc1 O-O 10. O-O f5 11. d5 Nxc3 12. Rxc3 e5 13. Nd2 d6 14. e4 f4 15. b4 a5 16. a3 axb4 17.
axb4 Na6 18. Qb3 Rf6 19. Ra1 Raf8 20. g4 g5 21. Rb1 Bc8 22. Qd1 Qd7 23. f3 h5 24. h3 hxg4 25. hxg4 Qh7 26. Nf1 Rh6 27. Qe2 Bd7 28. Qa2 Bc8 29. Qd2 Kg7 30. Kf2 Kg6 31. Ke1 Bb7 32. Qf2 Qd7 33. Ra3 Rhh8 34. Qd2 c6 35. dxc6 Bxc6 36. b5 Nc5 37. bxc6 1-0

[Event "*** Titled Tuesday 3|2 Blitz"]
[Site "Chess.com"]
[Date "2016.09.06"]
[Round "2"]
[White "Baggio95"]
[Black "petrpalachev"]
[Result "1/2-1/2"]
[WhiteElo "2330"]
[BlackElo "2417"]
[TimeControl "180+2"]
[EndTime "11:22:18 PDT"]
[Termination "Game drawn by repetition"]

1. e4 e6 2. d4 d5 3. Nc3 Nf6 4.
e5 Nfd7 5. f4 c5 6. Nf3 Be7 7.
Be3 b6 8. Qd2 Nc6 9. Be2 O-O 10.
O-O f5 11. Kh1 cxd4 12. Nxd4 Nxd4 13. Bxd4 Nc5 14. Rg1 Kh8 15. g4 g6 16. gxf5 gxf5 17. Nb5 Ne4 18. Qe3 Bc5 19. Rg2 Ba6 20. Rag1 Bxb5 21.
Bxb5 Qh4 22. Bd3 Rg8 23. Bxe4 Bxd4 24. Qxd4 dxe4 25. Qd7 Qh6 26. Rg5 Rxg5 27. Rxg5 Rg8 28. Rxg8+ Kxg8 29. Qe8+ Kg7 30. Qe7+ Kg8 31. Qe8+ Kg7 32.
Qe7+ Kg8 33. Qe8+ Kg7 34. Qe7+ Kg8 1/2-1/2

[Event "*** Titled Tuesday 3|2 Blitz"]
[Site "Chess.com"]
[Date "2016.09.06"]
[Round "2"]
[White "andretta"]
[Black "MateusViageiro"]
[Result "1/2-1/2"]
[WhiteElo "2271"]
[BlackElo "2358"]
[TimeControl "180+2"]
[EndTime "11:22:25 PDT"]
[Termination "Game drawn - insufficient material"]

1. b3 d5 2. Bb2 Nf6 3. e3 c6 4. f4 Bf5 5. Nf3 h6 6. Bxf6 exf6 7. c4 Be7 8. Nc3 dxc4 9. Bxc4 Bd3 10. Bxd3 Qxd3 11.
Qe2 Qd7 12. O-O O-O 13. Rab1 Rd8 14. b4 Na6 15. b5 cxb5 16. Qxb5 Qxb5 17. Nxb5 b6 18.
Rfc1 Rd7 19. Rb2 Nc5 20. Rbc2 Nd3 21. Rc7 Rad8 22. Rxd7 Rxd7 23. Rc8+ Kh7 24. Rc7 Rxc7 25. Nxc7 Nb4 26. a4 a6 27. Kf2 Bd6 28. Na8 b5 29. axb5 axb5 30. Nd4 Nd3+ 31. Ke2 Nc5 32. Nxb5 Bb8 33. Nb6 f5 34. Nd5 g5 35. g3 Kg6 36.
Nd4 Bd6 37. Nb5 Bb8 38. Nbc7 Bxc7 39. Nxc7 g4 40. Ne8 h5 41. d4 Ne4 42. d5 f6 43. d6 Kf7 44. d7 Ke7 45. Ng7 Kxd7 46.
Nxf5 Ke8 47. Ng7+ Kf7 48. Nxh5 Kg6 49. Nxf6 Kxf6 50. Kf1 Kf5 51. Kg2 Nc3 52. h3 Nd1 53. hxg4+ Kxg4 54. e4 Nc3 55. e5 Ne4 56. Kf1 Nxg3+ 57.
Kf2 Kxf4 58. e6 Nf5 59. e7 Nxe7 1/2-1/2

[Event "*** Titled Tuesday 3|2 Blitz"]
[Site "Chess.com"]
[Date "2016.09.06"]
[Round "2"]
[White "Wolverine_master"]
[Black "Mastervlad8"]
[Result "1-0"]
[WhiteElo "2025"]
[BlackElo "2095"]
[TimeControl "180+2"]
[EndTime "11:22:25 PDT"]
[Termination "Wolverine_master won on time"]

1. e4 c5 2. Nf3 e6 3. d4 cxd4 4. Nxd4 a6 5. Bd3 Nf6 6. Nc3 d6 7. Qe2 b5 8. a3 Bb7 9. O-O Be7 10. Bg5 O-O 11. f4 Nbd7 12. Nf3 Rc8 13. e5 dxe5 14. fxe5 Nd5 15. Ne4 h6 16. Bxe7 Qxe7 17. Nd6 Rc7 18.
Qe4 g6 19. Qg4 Kg7 20. Rae1 h5 21. Qg3 b4 22. Ng5 Nc5 23. Nge4 Nxd3 24. cxd3 Rc2 25. Nf6 Nf4 26. Rxf4 Rxg2+ 27. Qxg2 Bxg2 28. Kxg2 bxa3 29. bxa3 Rb8 30. Nfe4 Rb2+ 31. Kg1 Qa7+ 32. Kh1 Qd4 33. Rxf7+ Kh6 34. Nf6 Qf2 35. Rh7+ Kg5 36.
Nde4+ 1-0

[Event "*** Titled Tuesday 3|2 Blitz"]
[Site "Chess.com"]
[Date "2016.09.06"]
[Round "2"]
[White "talaicito"]
[Black "Lali-Rustavi"]
[Result "1-0"]
[WhiteElo "1971"]
[BlackElo "1832"]
[TimeControl "180+2"]
[EndTime "11:22:28 PDT"]
[Termination "talaicito won on time"]

1. e4 c5 2. Nf3 Nc6 3. d4 cxd4 4.
Nxd4 Nf6 5. Nc3 e5 6. Ndb5 d6 7.
Bg5 a6 8. Na3 b5 9. Nd5 Be7 10. Bxf6 Bxf6 11. c3 Bg5 12. Nc2 O-O 13.
a4 bxa4 14. Rxa4 a5 15. Be2 Rb8 16. Ra2 Kh8 17. O-O f5 18. Bf3 fxe4 19. Bxe4 Bf5 20. Bxf5 Rxf5 21. Qg4 Rf8 22. g3 Bh6 23. Qe6 Re8 24. Qg4 Ne7 25. Nce3 Bxe3 26. Nxe3 d5 27. Rd1 Rf8 28. Qe6 Rb6 29. Qxe5 Rbf6 30. f4 Qb6 31. Qxe7 Rc8 32. Rd4 Re6 33. Qd7 Rd8 34. Nxd5 Rxd7 35. Nxb6 Rxd4 36. cxd4 1-0

[Event "*** Titled Tuesday 3|2 Blitz"]
[Site "Chess.com"]
[Date "2016.09.06"]
[Round "2"]
[White "jb2mix"]
[Black "LuckyTiger"]
[Result "0-1"]
[WhiteElo "2423"]
[BlackElo "2554"]
[TimeControl "180+2"]
[EndTime "11:22:32 PDT"]
[Termination "LuckyTiger won by resignation"]

1. c4 c5 2. g3 g6 3. Bg2 Bg7 4. Nc3 Nc6 5. e3 Nh6 6. Nge2 Nf5 7. O-O d6 8. a3 a5 9. Rb1 h5 10. h3 O-O 11. b3 e6 12. Bb2 Bd7 13. Nb5 Bxb2 14. Rxb2 a4 15. d4 Na5 16. e4 Nxd4 17. Nexd4 cxd4 18. Nxd6 e5 19. b4 Be6 20.
c5 Nc4 21. Nxc4 Bxc4 22. Re1 h4 23. Qc1 Bb5 24. g4 Qf6 25. f4 Rad8 26. g5 Qxf4 27.
Qxf4 exf4 28. e5 Bc6 29. Bxc6 bxc6 30. Re4 Rfe8 31. Rd2 d3 32. Kf2 Rd5 33. Kf3 Rexe5 34. Rxe5 Rxe5 35. Rxd3 Rxg5 36. Kxf4 Rg3 37. Rd6 Rxh3 38.
Rxc6 Rxa3 39. b5 Rb3 40. b6 a3 41. Rc7 h3 42. b7 h2 43. Rc8+ Kg7 44. b8=Q Rxb8 45.
Rxb8 h1=Q 0-1

[Event "*** Titled Tuesday 3|2 Blitz"]
[Site "Chess.com"]
[Date "2016.09.06"]
[Round "2"]
[White "Rumpel-VK"]
[Black "E-Shaposhnikov"]
[Result "0-1"]
[WhiteElo "2448"]
[BlackElo "2652"]
[TimeControl "180+2"]
[EndTime "11:22:34 PDT"]
[Termination "E-Shaposhnikov won by resignation"]

1. e4 c5 2. g3 Nf6 3. Bg2 Nc6 4. d3 g6 5. f4 d5 6. e5 Ng4 7. Nf3 h5 8. c3 d4 9. cxd4 cxd4 10. h3 Ne3 11. Bxe3 dxe3 12. Nc3 Bf5 13. d4 e6 14.
O-O Be7 15. Re1 Nb4 16. Qa4+ Kf8 17. Re2 Kg7 18. a3 Nd3 19. Nd1 b5 20. Qb3 h4 21. g4 Be4 22. Rxe3 Bxf3 23. Qxd3 Bxg2 24. Kxg2 Qd5+ 25. Qe4 Rhd8 26. Qxd5 Rxd5 27. Rd3 Rad8 28. Nc3 Rxd4 29. Rxd4 Rxd4 30. Rf1 Bc5 31. f5 Rd2+ 32. Kf3 Rxb2 33. Ne4 Rb3+ 34. Kg2 Bxa3 35. fxe6 fxe6 36. Ng5 Rg3+ 37. Kh2 Re3 38. Rf7+ Kg8 39. Rxa7 Rxe5 40. Rb7 Rxg5 41. Ra7 Bd6+ 0-1

[Event "*** Titled Tuesday 3|2 Blitz"]
[Site "Chess.com"]
[Date "2016.09.06"]
[Round "2"]
[White "Astaneh"]
[Black "Sanan_Sjugirov"]
[Result "1/2-1/2"]
[WhiteElo "2479"]
[BlackElo "2705"]
[TimeControl "180+2"]
[EndTime "11:22:35 PDT"]
[Termination "Game drawn by agreement"]

1. d4 Nf6 2. Nf3 e6 3. g3 d5 4. Bg2 b5 5. O-O Bb7 6. a4 b4 7. c3 a5 8. cxb4 Bxb4 9. b3 Nbd7 10. Ne1 O-O 11. Nd3 Bd6 12. Ba3 Qe7 13. Bxd6 Qxd6 14. Nc3 Ba6 15. Rc1 Rab8 16. Nc5 Nxc5 17. dxc5 Qe7 18. Re1 Rfd8 19. Qc2 c6 20. e3 e5 21.
Na2 Qc7 22. Rb1 g6 23. Qc3 d4 24. exd4 Rxd4 25. Qf3 Nd5 26. Nc3 Nxc3 27. Qxc3 Rbd8 28.
b4 axb4 29. Rxb4 Rd1 30. Rb1 Rxb1 31. Rxb1 h5 32. Re1 Rd4 33. Qb3 Kg7 34. h4 Qe7 35.
Qc3 Rxa4 36. Bxc6 Rc4 37. Qxe5+ Qxe5 38. Rxe5 Kf6 39. Rd5 Rc1+ 40. Kg2 Bc4 41. Rd6+ Be6 42. Bd5 Rxc5 43. Bxe6 fxe6 44. Rd3 Rc7 45. Rf3+ 1/2-1/2

[Event "*** Titled Tuesday 3|2 Blitz"]
[Site "Chess.com"]
[Date "2016.09.06"]
[Round "2"]
[White "IamSchrodingersCat"]
[Black "Boryboy"]
[Result "0-1"]
[WhiteElo "2268"]
[BlackElo "2412"]
[TimeControl "180+2"]
[EndTime "11:22:38 PDT"]
[Termination "Boryboy won by resignation"]

1. e4 e6 2. d4 d5 3. Nc3 Bb4 4. e5 c5 5. a3 Bxc3+ 6. bxc3 Ne7 7. h4 Qa5 8. Bd2 Qa4 9. Qg4 Nbc6 10. Nf3 Qxc2 11.
Qxg7 Rg8 12. Qh6 cxd4 13. cxd4 Qe4+ 14. Qe3 Nf5 15. Qxe4 dxe4 16. Ng5 Nfxd4 17. Rc1 Nb3 18. Rc3 Nxd2 19. Kxd2 Nxe5 20. Nxe4 Ke7 21. f4 Nc6 22. g3 e5 23. Bb5 exf4 24. Bxc6 bxc6 25. gxf4 Be6 26.
Rxc6 Bd5 27. Rc7+ Kd8 28. Rhc1 Bxe4 29. Rxf7 Bg6 30. Rb7 Be8 31. Rxh7 Rg2+ 32. Ke1 Rg6 33. Rd1+ Kc8 34. Rc1+ Bc6 35. Rh8+ Kb7 36. Rb1+ Ka6 37. Rxa8 Bxa8 38. Kf2 Rg4 39. Rb3 Rxh4 40. Kg3 Rh1 41.
f5 Rf1 42. Kg4 Be4 43. Re3 Bxf5+ 44. Kg5 Bd7 0-1

[Event "*** Titled Tuesday 3|2 Blitz"]
[Site "Chess.com"]
[Date "2016.09.06"]
[Round "2"]
[White "NoWuss2"]
[Black "AnastasiaProtopopova"]
[Result "0-1"]
[WhiteElo "2038"]
[BlackElo "2086"]
[TimeControl "180+2"]
[EndTime "11:22:44 PDT"]
[Termination "AnastasiaProtopopova won by checkmate"]

1. Nf3 Nf6 2. c4 e6 3. e3 b6 4. Be2 Bb7 5. b3 c5 6. O-O Be7 7. Bb2 O-O 8. d4 d6 9. Nfd2 Nbd7 10. Bf3 d5 11. Nc3 Rb8 12. Qc2 a6 13. Rad1 Bd6 14.
Rfe1 Qc7 15. g3 Rfd8 16. Qb1 Be7 17. cxd5 exd5 18. Ne2 c4 19. bxc4 dxc4 20. Bxb7 Rxb7 21. Nf4 c3 22. Rc1 cxd2 23. Rxc7 dxe1=Q+ 24. Qxe1 Rxc7 25. e4 Nf8 26. Qe2 Rdc8 27. Qxa6 Nxe4 28. Qxb6 Rc2 29. Nd5 Bd8 30. Qb7 Nxf2 31. Nc3 Rc7 32. Qb3 Rd2 33.
Kf1 Nd3 34. Ba3 Rxh2 35. Nd5 Rcc2 36. Qxd3 Rh1# 0-1

[Event "*** Titled Tuesday 3|2 Blitz"]
[Site "Chess.com"]
[Date "2016.09.06"]
[Round "2"]
[White "Krutoy123"]
[Black "Zhani-Z"]
[Result "0-1"]
[WhiteElo "2361"]
[BlackElo "2283"]
[TimeControl "180+2"]
[EndTime "11:22:47 PDT"]
[Termination "Zhani-Z won by resignation"]

1. e4 e5 2. Nf3 Nc6 3. Bb5 a6 4. Ba4 Nf6 5. d3 b5 6. Bb3 Bc5 7. O-O O-O 8. Nc3 h6 9. a3 d6 10. Nd5 Rb8 11. c3 Nxd5 12. exd5 Ne7 13. d4 exd4 14. Nxd4 Bb7 15. Qf3 Bxd4 16. cxd4 Qd7 17. Re1 Rbe8 18. Bd2 Qf5 19. Qxf5 Nxf5 20. Bc3 Ne7 21.
Ba5 Bxd5 22. Rxe7 Bxb3 23. Rxc7 Re2 24. Bc3 Rfe8 25. Rc6 d5 26. Rxa6 Rc2 27. Ra7 Ree2 28. Rf1 Bc4 29. h3 Re6 30. Rd1 Ree2 31. Rf1 Re6 32. Re1 Rxc3 33. Rxe6 Rc1+ 34. Kh2 fxe6 35.
Re7 Rc2 36. Rxe6 Rxb2 37. Ra6 Rxf2 38. a4 bxa4 39. Rxa4 Rd2 40. Kg3 Rxd4 41. Ra7 Rd2 42. Rd7 Bf1 43. h4 Bxg2 44. h5 Be4 45. Kg4 Rg2+ 46. Kf4 Rg5 0-1